 Dungeon Crawl Stone Soup version 0.31-a0-271-gb88eb75e06 (webtiles) character file.

Game seed: 13237061253453268248

67 pokeman the Magician (level 3, -4/20 HPs)
             Began as a Deep Elf Hedge Wizard on July 14, 2023.
             Slain by a gnoll
             ... wielding a +0 flail
              (12 damage)
             ... on level 2 of the Dungeon.
             The game lasted 00:02:10 (1442 turns).

pokeman the Magician (Deep Elf Hedge Wizard)        Turns: 1442, Time: 00:02:10

Health: -4/20      AC:  2    Str:  7    XL:     3   Next: 98%
Magic:  1/11       EV: 12    Int: 20    God:
Gold:   37         SH:  0    Dex: 14    Spells: 4/12 levels left

rFire   . . .        a - +0 dagger
rCold   . . .        (no shield)
rNeg    . . .        b - +0 robe
rPois   .            c - +0 hat
rElec   .            (no cloak)
rCorr   .            (no gloves)
SInv    .            (no boots)
Will    .....        (no amulet)
Stlth   ++           (no ring)
HPRegen 0.23/turn    (no ring)
MPRegen 0.12/turn

%: no passive effects
@: very slightly contaminated
A: no striking features
a: no special abilities


You were on level 2 of the Dungeon.
You visited 1 branch of the dungeon, and saw 2 of its levels.

You collected 37 gold pieces.

Inventory:

Hand Weapons
 a - a +0 dagger (weapon)
Armour
 b - a +0 robe (worn)
 c - a +0 hat (worn)
Scrolls
 f - 2 scrolls of enchant armour {unknown}
 g - a scroll of teleportation {unknown}
 h - 2 scrolls of vulnerability {unknown}
Potions
 d - a potion of magic
 e - a potion of enlightenment {unknown}
 i - a potion of mutation {unknown}


   Skills:
 - Level 1.0 Fighting
 - Level 1.0 Armour
 + Level 2.5 Dodging
 + Level 2.5 Stealth
 * Level 5.4 Spellcasting
 + Level 2.1 Conjurations
 - Level 1.1 Summonings
 - Level 1.1 Translocations


You had 4 spell levels left.
You knew the following spells:

 Your Spells              Type           Power      Damage    Failure   Level
a - Magic Dart            Conj           52%        1d5       4%          1
b - Mephitic Cloud        Conj/Pois/Air  8%         N/A       26%         3
c - Call Imp              Summ           18%        N/A       11%         2
d - Blink                 Tloc           18%        N/A       11%         2

Your spell library contained the following spells:

 Spells                   Type           Power      Damage    Failure   Level
 Slow                     Hex            20%        N/A       11%         1
 Cigotuvi's Dreadful Rot  Necr/Pois/Air  10%        N/A       17%         2


Dungeon Overview and Level Annotations

Branches:
Dungeon (2/15)

Altars:


Message History

The air around you crackles with energy.
The gnoll barely misses you.
Casting: Mephitic Cloud (extremely dangerous; 26% risk of failure)
Confirm with . or Enter, or press ? or * to list all spells.
The spell is extremely dangerous to miscast (26% risk of failure)!
Continue anyway?
Aiming: Mephitic Cloud (extremely dangerous; 26% risk of failure)
Press: ? - help, Shift-Dir - straight line, f/p - gnoll
Aim: a gnoll, wielding a +0 flail and quivering a throwing net (lightly wounded, chance to affect: 91%) That beam is likely to hit you.
Continue anyway?
The ball explodes into a vile cloud!
The stinking cloud engulfs the gnoll but does no damage.
The gnoll is lightly wounded.
The stinking cloud engulfs you but does no damage.
You are engulfed in noxious fumes.
The gnoll is engulfed in noxious fumes.
The gnoll appears confused.
The gnoll hits you with a +0 flail.
* * * LOW HITPOINT WARNING * * *
Unknown command.
You struggle against the net.
You are engulfed in noxious fumes.
You choke on the stench!
You are confused.
The gnoll is engulfed in noxious fumes.
The gnoll appears confused.
The gnoll barely misses you.
Unknown command.
You rip the net and break free!
You are engulfed in noxious fumes.
You choke on the stench!
You are more confused.
You bump into the rock wall.
The gnoll closely misses you.
You bump into the rock wall.
You feel less confused.
You hit the gnoll.
The gnoll is moderately wounded.
The gnoll hits you but does no damage.
You hit the gnoll but do no damage.
The gnoll is moderately wounded.
You catch the helpless gnoll completely off-guard!
You puncture the gnoll!
The gnoll is almost dead.
The gnoll hits you with a +0 flail!
Ouch! That really hurt!
You die...

.........#
.g.....#
#g...#
##.####
#.)...#
#...#.#
#.#.#.#
#.#.#g##
#.#.).@#
#.###.##
#...#.#
#.###.###
#..†....#
#....####
#....#
#....#
#....#


You could see a gnoll (confused).

Vanquished Creatures
  3 gnolls (D:2)
  2 dart slugs (D:1)
  4 ball pythons (D:1)
  3 bats (D:1)
  3 endoplasms (D:1)
  A giant cockroach (D:1)
  2 goblins
  3 hobgoblins (D:1)
  3 quokkas
  3 frilled lizards (D:1)
  6 rats (D:1)
33 creatures vanquished.

Notes
Turn   | Place    | Note
-------+----------+-------------------------------------------
     0 | D:1      | pokeman the Deep Elf Hedge Wizard began the quest for the
                  | Orb.
     0 | D:1      | Reached XP level 1. HP: 10/10 MP: 7/7
   362 | D:1      | Reached XP level 2. HP: 15/15 MP: 7/9
   916 | D:1      | Found a faded altar of an unknown god.
   920 | D:1      | Reached skill level 5 in Spellcasting
  1030 | D:1      | Reached XP level 3. HP: 20/20 MP: 5/11
  1035 | D:1      | Learned a level 3 spell: Mephitic Cloud
  1038 | D:1      | Learned a level 2 spell: Call Imp
  1041 | D:1      | Learned a level 2 spell: Blink
  1276 | D:2      | Reached skill level 1 in Fighting
  1370 | D:2      | Reached skill level 1 in Armour
  1442 | D:2      | Slain by a gnoll

Illustrated notes

Levels and vault maps discovered:
D:1:      amcnicky_arrival_abandoned_market, layout_basic,
          chequers_ecumenical_altar_simple
D:2:      layout_basic, minmay_hexomino_f4, uniq_jessica

Skill      XL: |  1  2  3 |
---------------+----------+-----
Spellcasting   | 5 |  5.4
Fighting       | 1 |  1.0
Armour         | 1 |  1.0
Conjurations   | 2 |  2.1
Dodging        | |  2.5
Stealth        | |  2.5
Summonings     | |  1.1
Translocations | |  1.1

Action                     || total
---------------------------++-------
  Melee: Dagger            ||    11
   Cast: Magic Dart        ||    81
         Mephitic Cloud    ||     3
   Stab: Confused          ||     2
 Armour: Robe              ||     5
  Dodge: Dodged            ||    15

Table legend: (Time is in decaauts)
 A = Elapsed time spent in this place.
 B = Non-inter-level travel time spent in this place.
 C = Inter-level travel time spent in this place.
 D = Time resting spent in this place.
 E = Time spent auto-exploring this place.
 F = Levels seen in this place.
 G = Mean time per level.
                   A        B        C        D        E       F      G
               +--------+--------+--------+--------+--------+-----+--------+
         Total |   1441 |   1421 |     20 |     41 |   1194 |   2 |  720.5 |
       Dungeon |   1441 |   1421 |     20 |     41 |   1194 |   2 |  720.5 |
               +--------+--------+--------+--------+--------+-----+--------+

Top non-repeatable levels by time:
     D:1: 1230 daAuts
     D:2: 211 daAuts
